 Dungeon Crawl Stone Soup version 0.25.0-11-g1f837a76a1 (console) character file.

Game seed: 6543229801720854719

204 bli the Insei (level 5, -2/38 HPs)
             Began as a Merfolk Transmuter on June 27, 2020.
             Was an Initiate of Sif Muna.
             Slain by Edmund
             ... wielding a +4 flail of holy wrath
              (8 damage)
             ... on level 4 of the Dungeon.
             The game lasted 00:14:38 (3786 turns).

bli the Insei (Merfolk Transmuter)                  Turns: 3786, Time: 00:14:39

Health: -2/38      AC:  4    Str: 11    XL:     5   Next: 82%
Magic:  3/9        EV: 14    Int: 12    God:    Sif Muna [......]
Gold:   124        SH:  0    Dex: 15    Spells: 2/9 levels left

rFire    . . .     SeeInvis .   t - +0 long sword (curse)
rCold    . . .     Gourm    .   (no shield)
rNeg     . . .     Faith    .   b - +0 robe
rPois    .         Spirit   .   q - +2 hat
rElec    .         Reflect  .   (no cloak)
rCorr    .         Harm     .   (no gloves)
MR       .....                  (no boots)
Stlth    ++........             (no amulet)
HPRegen  0.12/turn              (no ring)
MPRegen  0.11/turn              (no ring)

@: appendage
A: change form in water, swift swim, stealthy swim, horns 2
a: End Transformation, Renounce Religion


You were on level 4 of the Dungeon.
You worshipped Sif Muna.
Sif Muna was noncommittal.
You were very hungry.
You had grown temporary horns.
You visited 1 branch of the dungeon, and saw 5 of its levels.

You collected 124 gold pieces.

Inventory:

Hand Weapons
 s - a +0 long sword
 t - a cursed +0 long sword (weapon)
 u - a +0 hunting sling
 v - a +1 vampiric dagger
 w - a +1 dagger of venom
Missiles
 a - 75 arrows
 o - 12 poisoned darts (quivered)
Armour
 b - a +0 robe (worn)
 m - a +0 buckler
 p - a +0 helmet
 q - a +2 hat (worn)
Scrolls
 e - a scroll of blinking
 g - a scroll of immolation
 h - 3 scrolls of enchant weapon
 k - 3 scrolls of teleportation
 n - 2 scrolls of amnesia
Potions
 c - 2 potions of curing
 f - a potion of mutation {unknown}
 i - a potion of magic {unknown}
 l - 2 potions of stabbing {unknown}
 x - a potion of cancellation {unknown}
Comestibles
 d - 6 rations


   Skills:
 * Level 2.1 Fighting
 * Level 3.4 Dodging
 + Level 1.2 Stealth
 + Level 5.0 Unarmed Combat
 * Level 2.8 Spellcasting
 + Level 4.0 Transmutations


You had 2 spell levels left.
You knew the following spells:

 Your Spells              Type           Power        Failure   Level  Hunger
a - Beastly Appendage     Tmut           ##....       4%          1    #......
b - Sticks to Snakes      Tmut           ##......     8%          2    ###....
c - Ice Form              Ice/Tmut       #.......     73%         4    #####..

Your spell library contained the following spells:

 Spells                   Type           Power        Failure   Level  Hunger
 Spider Form              Tmut/Pois      #.........   32%         3    ###....
 Blade Hands              Tmut           ##........   80%         5    ######.


Dungeon Overview and Level Annotations

Branches:
Dungeon (5/15)
 Temple: D:4-7

Altars:
Ashenzari
Sif Muna

Annotations:
D:4 Edmund
D:5 Menkaure


Innate Abilities, Weirdness & Mutations

You revert to your normal form in water.
You are very nimble and swift while swimming.
You are very stealthy in the water. (Stealth+)
You have a pair of horns on your head.


Message History

Edmund closely misses you.
You closely miss Edmund. You punch Edmund, but do no damage.
Edmund is lightly wounded.
Edmund hits you with a +4 flail of holy wrath.
You barely miss Edmund. Your headbutt misses Edmund.
Edmund is lightly wounded.
Your horns disappear.
Edmund hits you with a +4 flail of holy wrath!
* * * LOW HITPOINT WARNING * * *
Casting: Sticks to Snakes (safe; 8% risk of failure)
Confirm with . or Enter, or press ? or * to list all spells.
You create a snake!
You now have 75 arrows.
Edmund clears his throat.
Edmund barely misses you.
You riposte.
You hit Edmund.
Edmund is lightly wounded.
Casting: Sticks to Snakes (safe; 8% risk of failure)
Confirm with . or Enter, or press ? or * to list all spells.
You grow a pair of large bovine horns.
Edmund hits you with a +4 flail of holy wrath!
You die...

##################
#.................
#.S............###
########.###########.....
........@# ########.###
########@# #........# #.#
#.######## #(# ##.#####
...(((..# #.#....#
..####### ##.###.# ###
#.# #<# #># ## #.# #. #.#
#.


You could see Edmund and a friendly ball python.

Vanquished Creatures
  An orc wizard (D:5)
  An iguana (D:3)
  Robin (D:3)
  4 adders
  2 oozes (D:1)
  2 worms (D:3)
  2 leopard geckos (D:1)
  8 orcs
  5 giant cockroaches
  6 hobgoblins
  8 jackals
  5 kobolds
  2 quokkas (D:3)
  11 bats
  7 frilled lizards
  8 goblins
  2 rats (D:1)
75 creatures vanquished.

Vanquished Creatures (collateral kills)
  An orc (D:5)
  A bat (D:3)
  6 goblins (D:3)
  2 hobgoblins (D:3)
10 creatures vanquished.

Grand Total: 85 creatures vanquished

Notes
Turn   | Place    | Note
-------+----------+-------------------------------------------
     0 | D:1      | bli the Merfolk Transmuter began the quest for the Orb.
     0 | D:1      | Reached XP level 1. HP: 15/15 MP: 3/3
   126 | D:1      | Reached XP level 2. HP: 11/21 MP: 3/5
   465 | D:1      | Reached skill level 4 in Unarmed Combat
   465 | D:1      | Reached XP level 3. HP: 22/27 MP: 4/6
   710 | D:1      | Learned a level 2 spell: Sticks to Snakes
  1399 | D:2      | Reached XP level 4. HP: 30/33 MP: 5/7
  1528 | D:2      | Found a shattered altar of Ashenzari.
  1813 | D:3      | Noticed Robin
  1840 | D:3      | Killed Robin
  2383 | D:3      | Reached skill level 1 in Stealth
  2383 | D:3      | Reached XP level 5. HP: 32/38 MP: 4/8
  2697 | D:3      | Found a shimmering blue altar of Sif Muna.
  2701 | D:3      | Became a worshipper of Sif Muna the Loreminder
  2894 | D:3      | Reached skill level 5 in Unarmed Combat
  3069 | D:5      | Entered Level 5 of the Dungeon
  3371 | D:5      | Noticed Menkaure
  3493 | D:4      | Learned a level 4 spell: Ice Form
  3761 | D:4      | Noticed Edmund
  3786 | D:4      | Slain by Edmund

Illustrated notes

Levels and vault maps discovered:
D:1:      dpeg_arrival_boxes_within_box, layout_basic
D:2:      layout_basic, lemuel_round_altar, grunt_ministairs_1,
          item_on_display_a
D:3:      layout_basic, marbit_many_paths, uniq_robin
D:4:      layout_loops_ring, kennysheep_little_box, okawaru_altar_gauntlet_db,
          first_ration, small_statue_intersection, uniq_edmund
D:5:      layout_loops_corners, amethyst_overflow_temple_binary,
          minmay_temple_entry_nine_rooms, uniq_blork_the_orc, uniq_menkaure

Skill      XL: |  1  2  3  4  5 |
---------------+----------------+-----
Transmutations | 3 4 |  4.0
Dodging        | 3 |  3.4
Unarmed Combat | 4 5 |  5.0
Fighting       | 2 |  2.1
Stealth        | 1 |  1.2
Spellcasting   | |  2.8

Action                   |  1- 3 |  4- 6 || total
-------------------------+-------+-------++-------
Melee: Unarmed           |   125 |   156 ||   281
       Headbutt          |    11 |    24 ||    35
       Punch             |     3 |     2 ||     5
       Long sword        |       |     6 ||     6
Throw: Dart              |       |     8 ||     8
 Cast: Beastly Appendage |    17 |    18 ||    35
       Sticks to Snakes  |       |    13 ||    13
  Use: Scroll            |       |     6 ||     6
       Potion            |       |     1 ||     1
 Stab: Sleeping          |     1 |     2 ||     3
  Eat: Chunk             |     2 |     8 ||    10
Armor: Robe              |    25 |    32 ||    57
Dodge: Dodged            |    97 |    96 ||   193
       Rpst.: Long sword |       |     2 ||     2
